 Dungeon Crawl Stone Soup version 0.31-a0-819-gf6de2f5ab6 (webtiles) character file.

Game seed: 7628525557805268011

81 qw the Shooter (level 4, -5/28 HPs)
             Began as a Gargoyle Hunter on Sept 23, 2023.
             Slain by an iguana (9 damage)
             ... on level 3 of the Dungeon.
             The game lasted 00:00:40 (1433 turns).

qw the Shooter (Gargoyle Hunter)                    Turns: 1433, Time: 00:00:41

Health: -5/28      AC:  8    Str: 14    XL:     4   Next: 40%
Magic:  4/4        EV: 10    Int: 10    God:
Gold:   115        SH:  0    Dex: 15    Spells: 3/3 levels left

rFire   . . .        Y - +0 shortbow
rCold   . . .        (shield currently unavailable)
rNeg    + . .        a - +0 ring mail
rPois   inf          (no helmet)
rElec   +            (no cloak)
rCorr   .            (no gloves)
SInv    .            (no boots)
Will    .....        (no amulet)
Stlth   +            (no ring)
HPRegen 0.24/turn    (no ring)
MPRegen 0.09/turn

%: no passive effects
@: no status effects
A: sickness immunity, AC +3, negative energy resistance 1, electricity
resistance, torment resistance 1, petrification resistance
a: no special abilities


You were on level 3 of the Dungeon.
You visited 1 branch of the dungeon, and saw 3 of its levels.

You collected 115 gold pieces.


Innate Abilities, Weirdness & Mutations

You are immune to sickness and miasma.
Your stone body is resilient. (AC +3)
You are immune to poison.
You resist negative energy. (rN+)
You are resistant to electric shocks. (rElec)
You are resistant to unholy torment.
You are immune to petrification.


   Skills:
 - Level 3.0 Fighting
 + Level 5.2 Ranged Weapons
 - Level 1.2 Armour
 - Level 1.5 Dodging
 - Level 1.1 Stealth


You had 3 spell levels left.
You didn't know any spells.
Your spell library was empty.

Inventory:

Hand Weapons
 Y - a +0 shortbow (weapon)
Armour
 a - a +0 ring mail (worn)
 c - a scarf of shadows
Jewellery
 f - an amulet of faith
 h - a +4 ring of protection
Scrolls
 b - a scroll of identify
 k - a scroll of enchant armour {unknown}
 l - a scroll of immolation {unknown}
Potions
 d - a potion of might {unknown}
 e - a potion of attraction {unknown}
 g - a potion of degeneration {unknown}
 i - a potion of enlightenment {unknown}
 j - a potion of curing {unknown}

Dungeon Overview and Level Annotations

Branches:
Dungeon (3/15)

Altars:
Ashenzari

Shops:
D:2 [


Message History

The iguana bites you!
You shoot an arrow. The arrow closely misses the iguana.
The arrow hits the gnoll but does no damage.
The gnoll is moderately wounded.
The iguana closely misses you.
You shoot an arrow. The arrow closely misses the iguana.
The arrow closely misses the gnoll.
The iguana bites you. The iguana misses you.
You shoot an arrow.
The arrow hits the iguana but does no damage.
The iguana is lightly wounded.
The iguana bites you but does no damage.
You shoot an arrow. The arrow barely misses the iguana.
The arrow barely misses the gnoll.
The iguana closely misses you.
You shoot an arrow. The arrow hits the iguana.
The iguana is heavily wounded.
The iguana closely misses you. The iguana bites you.
You shoot an arrow.
The arrow hits the iguana but does no damage.
The iguana is heavily wounded.
The iguana bites you.
You shoot an arrow. The arrow hits the iguana.
The iguana is almost dead.
The iguana bites you but does no damage.
You shoot an arrow. The arrow closely misses the iguana.
The arrow hits the gnoll but does no damage.
The gnoll is moderately wounded.
The iguana bites you.
You shoot an arrow. The arrow hits the iguana.
The iguana is almost dead.
The iguana bites you but does no damage.
You shoot an arrow. The arrow barely misses the iguana.
The arrow hits the gnoll but does no damage.
The gnoll is moderately wounded.
The iguana closely misses you. The iguana barely misses you.
You shoot an arrow. The arrow hits the iguana.
The iguana is almost dead.
The iguana bites you!
You die...

......#...#
#.#
########...#
###.# ##..#
#...# ...
#.### .. #.#
.. #.# #.
##.###
#g###....#
#gl@.....#
#####....#
######


You could see an iguana and 2 gnolls.

Vanquished Creatures
  A gnoll (D:3)
  2 worms
  3 dart slugs
  6 ball pythons
  5 bats
  4 endoplasms
  5 giant cockroaches
  5 goblins
  5 hobgoblins
  6 jackals
  2 kobolds
  2 quokkas
  A frilled lizard (D:1)
  3 rats (D:2)
50 creatures vanquished.

Notes
Turn   | Place    | Note
-------+----------+-------------------------------------------
     0 | D:1      | qw the Gargoyle Hunter began the quest for the Orb.
     0 | D:1      | Reached XP level 1. HP: 12/12 MP: 1/1
     0 | D:1      | 0 ||| qw: Version: 0.3-a-83-gcd0e7d8
     0 | D:1      | 0 ||| qw: Game counter: 1537
     0 | D:1      | 0 ||| qw: Melee chars always use a shield: true
     0 | D:1      | 0 ||| qw: God list: Okawaru
     0 | D:1      | 0 ||| qw: Allow faded altars: false
     0 | D:1      | 0 ||| qw: Do Orc after clearing Dungeon:15 true
     0 | D:1      | 0 ||| qw: Do second Lair branch before Depths: true
     0 | D:1      | 0 ||| qw: Lair rune preference: random
     0 | D:1      | 0 ||| qw: Goals: Normal
     0 | D:1      | 0 ||| PLANNING D:1-11
   122 | D:1      | Reached XP level 2. HP: 17/17 MP: 2/2
   268 | D:1      | Reached XP level 3. HP: 21/21 MP: 3/3
   365 | D:1      | Reached skill level 5 in Ranged Weapons
   622 | D:1      | 622 ||| READING scroll labelled DAGYS XAKYADGHOYB.
   623 | D:1      | 623 ||| DROPPING scroll of butterflies.
   645 | D:2      | Found Vypu's Antique Armour Emporium.
   656 | D:2      | 656 ||| SHOPLISTING ring mail (124 gold, have 48).
   791 | D:2      | Found a broken altar of Ashenzari.
   900 | D:2      | Reached skill level 3 in Fighting
   941 | D:2      | Reached XP level 4. HP: 22/28 MP: 4/4
  1261 | D:2      | 1261 ||| UPGRADING to +0 ring mail.
  1271 | D:2      | 1271 ||| DROPPING +0 leather armour.
  1272 | D:2      | 1272 ||| READING 2 scrolls labelled VOLYFF GEZOYNERE.
  1273 | D:2      | 1273 ||| READING scroll labelled EBROLE QATO.
  1274 | D:2      | 1274 ||| READING scroll labelled QEAPNAT OXKEZXE.
  1418 | D:3      | Reached skill level 1 in Armour
  1424 | D:3      | HP: 7/28 [iguana (2)]
  1430 | D:3      | HP: 3/28 [iguana (3)]
  1433 | D:3      | Slain by an iguana

Levels and vault maps discovered:
D:1:      mrwooster_arrival_arrow, layout_basic, minmay_door_square
D:2:      layout_basic, basic_altar, serial_shops, nicolae_shop_trees
D:3:      layout_rooms, kennysheep_doodads, nicolae_eternal_life

Skill      XL: |  1  2  3  4 |
---------------+-------------+-----
Ranged Weapons | 5 |  5.2
Fighting       | 3 |  3.0
Armour         | 1 |  1.2
Dodging        | |  1.5
Stealth        | |  1.1

Action                     |  1- 3 |  4- 6 || total
---------------------------+-------+-------++-------
   Fire: Shortbow          |   117 |    51 ||   168
    Use: Scroll            |     1 |     3 ||     4
 Armour: Leather armour    |    35 |       ||    35
         Ring mail         |       |    18 ||    18
  Dodge: Dodged            |    35 |    11 ||    46

Table legend:
 A = Non-vault XP
 B = Vault XP
 C = Vault XP percentage of total XP
 D = Non-vault monster count
 E = Vault monster count
 F = Vault count percentage of total count
                 A         B        C        D         E       F
            +---------+---------+-------+---------+---------+-------
      Total |     116 |       0 |   0.0 |      50 |       0 |   0.0
            +---------+---------+-------+---------+---------+-------
        D:1 |      47 |       0 |   0.0 |      24 |       0 |   0.0
        D:2 |      43 |       0 |   0.0 |      20 |       0 |   0.0
        D:3 |      26 |       0 |   0.0 |       6 |       0 |   0.0
            +---------+---------+-------+---------+---------+-------
